 Dungeon Crawl Stone Soup version 0.28.0-53-g5a82cb258f (webtiles) character file.

Game seed: 4046474610729252139

3435 Peloso the Protected (level 9, -4/81 HPs)
             Began as a Minotaur Fighter on July 26, 2022.
             Was a Priest of Okawaru.
             Slain by an orc warrior
             ... wielding a +0 glaive
              (14 damage)
             ... on level 8 of the Dungeon.
             The game lasted 00:12:54 (7768 turns).

Peloso the Protected (Minotaur Fighter)             Turns: 7768, Time: 00:12:54

Health: -4/81      AC: 15    Str: 23    XL:     9   Next: 77%
Magic:  8/8        EV:  8    Int:  5    God:    Okawaru [***...]
Gold:   492        SH:  5    Dex: 12    Spells: 8/8 levels left

rFire   . . .      SeeInvis .   a - +1 long sword
rCold   . . .      Faith    .   c - +0 buckler
rNeg    . . .      Spirit   .   f - +0 plate armour
rPois   .          Reflect  .   (helmet restricted)
rElec   .          Harm     .   (no cloak)
rCorr   .          Rampage  .   i - +0 pair of gloves
Will    .....                   (no boots)
Stlth   ..........              (no amulet)
HPRegen 0.23/turn               (no ring)
MPRegen 0.11/turn               (no ring)

@: no status effects
A: horns 2, retaliatory headbutt
a: Renounce Religion, Heroism


You were on level 8 of the Dungeon.
You worshipped Okawaru.
Okawaru was most pleased with you.
You visited 2 branches of the dungeon, and saw 9 of its levels.
You also visited: Sewer.

You collected 492 gold pieces.

Inventory:

Hand Weapons
 a - a +1 long sword (weapon)
 b - the +4 dagger of Defence {venom, Dex+2}
   (You found it on level 2 of the Dungeon)

   It poisons the flesh of those it strikes.
   Dex:       It affects your dexterity (+2).
Armour
 c - a +0 buckler (worn)
 f - a +0 plate armour (worn)
 h - a +0 scale mail
 i - a +0 pair of gloves (worn)
Wands
 d - a wand of polymorph (3)
 t - a wand of paralysis (9)
Scrolls
 g - a scroll of immolation
 n - a scroll of fog {unknown}
 o - 2 scrolls of teleportation
 r - a scroll of magic mapping {unknown}
 s - 2 scrolls of enchant weapon
 w - a scroll of acquirement {unknown}
 x - a scroll of noise {unknown}
 y - a scroll of enchant armour {unknown}
Potions
 e - a potion of mutation
 j - a potion of curing
 k - a potion of invisibility
 l - 3 potions of brilliance
 m - 2 potions of might
 p - 3 potions of cancellation {unknown}
 q - 2 potions of heal wounds {unknown}
 u - a potion of lignification {unknown}
 v - a potion of magic {unknown}


   Skills:
 + Level 7.8 Fighting
 + Level 8.0(8.4) Short Blades
 + Level 4.4(7.1) Long Blades
 + Level 9.5 Armour
 + Level 3.5 Dodging
 + Level 0.6 Stealth
 + Level 7.3 Shields
 + Level 0.6 Invocations


You had 8 spell levels left.
You didn't know any spells.
Your spell library contained the following spells:

 Spells                   Type           Power      Damage    Failure   Level
 Apportation              Tloc           0%         N/A       100%        1
 Freeze                   Ice            0%         1d3       100%        1
 Magic Dart               Conj           0%         1d3       100%        1
 Searing Ray              Conj           0%         2d4       100%        2
 Sublimation of Blood     Necr           0%         N/A       100%        2
 Conjure Flame            Conj/Fire      0%         6-21      100%        3
 Frozen Ramparts          Ice            0%         1d2       100%        3
 Ignite Poison            Fire/Tmut/Pois 0%         N/A       100%        3
 Fulminant Prism          Conj/Hex       0%         3d6       100%        4
 Hailstorm                Conj/Ice       0%         3d3       100%        4
 Petrify                  Tmut/Erth      0%         N/A       100%        4
 Sticky Flame             Conj/Fire      0%         2d3       100%        4
 Irradiate                Conj/Tmut      0%         3d13      100%        5
 Chain Lightning          Conj/Air       0%         N/A       100%        9
 Fire Storm               Conj/Fire      0%         5d1       100%        9
 Shatter                  Erth           0%         3d5*      100%        9
 Animate Skeleton         Necr           Unusable   N/A       N/A         1
 Summon Small Mammal      Summ           Unusable   N/A       N/A         1

Dungeon Overview and Level Annotations

Branches:
Dungeon (8/15)             Temple (1/1) D:5           Sewer (visited)
   Lair: D:8-11

Altars:
Ashenzari
Cheibriados
Dithmenos
Elyvilon
Fedhas
Hepliaklqana
Kikubaaqudgha
Okawaru
Qazlal
Sif Muna
Trog
Uskayaw
Yredelemnul
Zin


Innate Abilities, Weirdness & Mutations

You have a pair of horns on your head.
You reflexively headbutt those who attack you in melee.


Message History

Unknown command.
You barely miss something. The wyvern closely misses you.
Something hits you but does no damage. You block the wight's attack.
You miss something. You block the wyvern's attack.
The orc warrior barely misses you. You block something's attack.
The wight barely misses you. The wyvern bites you.
The orc warrior barely misses you.
You miss something. Your headbutt misses something. The wyvern bites you.
Something hits you but does no damage. You block the wight's attack.
The wyvern bites you.
The orc warrior hits you from afar with a +0 glaive.
You slice the orc!!
You kill the orc!
Okawaru accepts your kill. The wight barely misses you. The wyvern bites you!
The orc warrior closely misses you. The wight hits you but does no damage.
The wyvern bites you but does no damage.
You miss something. The wyvern bites you! You block the orc warrior's attack.
Something hits you but does no damage. The wight barely misses you.
Unknown command.
You closely miss something. Your headbutt misses something.
You block the wyvern's attack.
The orc warrior hits you from afar with a +0 glaive!
* * * LOW HITPOINT WARNING * * *
You hear some strange, mumbled words.
A magic dart appears from out of thin air!
The magic dart hits you.
* * * LOW HITPOINT WARNING * * *
The wyvern bites you!
* * * LOW HITPOINT WARNING * * *
The orc wizard mumbles some strange words.
The orc wizard flickers and vanishes!
The wight closely misses you.
You barely miss something. Your headbutt misses something.
The wyvern bites you but does no damage.
The orc warrior barely misses you. You block something's attack.
The wight hits you but does no damage.
Unknown command.
You hit something but do no damage. You block the wyvern's attack.
The orc warrior hits you from afar with a +0 glaive!
You die...

####...## #..#...##..
........# #......##..
...../..#######..........
......)....<........###..
##.#...#.#..........# #..
#...............## ###
#...#.###)...#### #...#{#
####.# #.o.#@# #.#
#....olz# #.# ......o{#
..# ..##.##.# ... ... ...
..# ..# ... .. ....


You could see an orc warrior, a wyvern, a wight and an orc.

Vanquished Creatures
  Pikel (D:5)
  A troll (D:7)
  2 water moccasins
  3 black bears
  Duvessa (D:4)
  An orc warrior (D:7)
  A sky beast (D:6)
  An ice beast (D:7)
  An ogre (D:4)
  2 phantoms
  3 lemures (D:5)
  2 kobold brigands
  Blork the orc (D:6)
  3 scorpions
  A water moccasin skeleton (D:6)
  Dowan (D:4)
  5 killer bees (D:7)
  3 wights (D:7)
  An electric eel (D:7)
  A howler monkey (D:5)
  A bullfrog zombie (D:5)
  4 jellies
  4 hounds
  A bullfrog skeleton (D:7)
  A centaur skeleton (D:6)
  An orc priest (D:4)
  An iguana (D:4)
  3 orc wizards
  A scorpion zombie (D:5)
  A killer bee zombie (D:6)
  A hound skeleton (D:4)
  3 gnolls (D:4)
  13 adders
  4 river rats (Sewer)
  A shadow imp (D:5)
  2 white imps (D:6)
  An ufetubus (D:5)
  2 adder skeletons (D:4)
  4 dart slugs
  14 orcs
  2 bats (D:2)
  3 endoplasms
  3 giant cockroaches
  4 goblins
  4 hobgoblins
  8 jackals
  10 kobolds
  2 quokkas
  8 ball pythons
  6 frilled lizards
  7 rats
155 creatures vanquished.

Vanquished Creatures (others)
  A human (D:7)
  34 plants (Sewer)
35 creatures vanquished.

Grand Total: 190 creatures vanquished

Notes
Turn   | Place    | Note
-------+----------+-------------------------------------------
     0 | D:1      | Peloso the Minotaur Fighter began the quest for the Orb.
     0 | D:1      | Reached XP level 1. HP: 19/19 MP: 0/0
   142 | D:1      | Found a faded altar of an unknown god.
   273 | D:1      | Reached XP level 2. HP: 25/27 MP: 1/1
   600 | D:1      | HP: 1/27 [adder (2)]
   605 | D:1      | Reached skill level 4 in Armour
   605 | D:1      | Reached XP level 3. HP: 2/33 MP: 2/2
  1131 | D:2      | Identified the +4 dagger of Defence {venom, Dex+2}
  1430 | D:2      | Reached XP level 4. HP: 40/40 MP: 3/3
  1812 | D:3      | Noticed a phantom
  1827 | D:3      | Killed a phantom
  1828 | D:3      | Reached skill level 1 in Dodging
  1828 | D:3      | Reached XP level 5. HP: 38/47 MP: 4/4
  2056 | D:4      | Reached skill level 1 in Short Blades
  2063 | D:4      | Noticed Duvessa
  2063 | D:4      | Noticed Dowan
  2078 | D:4      | Killed Duvessa
  2079 | D:4      | Reached skill level 5 in Fighting
  2079 | D:4      | Reached XP level 6. HP: 43/56 MP: 5/5
  2083 | D:4      | HP: 1/56 [Dowan/stone arrow (14)]
  2084 | D:4      | Killed Dowan
  2085 | D:4      | Reached skill level 5 in Armour
  2284 | D:4      | Found a glowing drain.
  2299 | Sewer    | Entered a sewer
  2696 | Sewer    | Reached XP level 7. HP: 29/61 MP: 6/6
  3608 | D:4      | Reached skill level 6 in Armour
  3866 | D:4      | Reached skill level 5 in Shields
  4035 | D:5      | Entered Level 5 of the Dungeon
  4081 | D:5      | Found a staircase to the Ecumenical Temple.
  4094 | Temple   | Entered the Ecumenical Temple
  4103 | Temple   | Became a worshipper of Warmaster Okawaru
  4368 | D:5      | Found a hide-covered altar of Uskayaw.
  4391 | D:5      | Reached XP level 8. HP: 70/70 MP: 7/7
  4392 | D:5      | Noticed Pikel
  4443 | D:5      | Killed Pikel
  4443 | D:5      | Reached * piety under Okawaru
  4444 | D:5      | Reached skill level 5 in Short Blades
  4444 | D:5      | Reached skill level 7 in Armour
  5631 | D:6      | Noticed Blork the orc
  5639 | D:6      | Killed Blork the orc
  5930 | D:6      | Reached ** piety under Okawaru
  5931 | D:6      | Reached XP level 9. HP: 78/79 MP: 8/8
  6100 | D:6      | Reached skill level 8 in Armour
  6417 | D:7      | Found a broken altar of Ashenzari.
  6434 | D:7      | Noticed a troll
  6444 | D:7      | Killed a troll
  6946 | D:7      | Reached skill level 9 in Armour
  7335 | D:7      | Reached *** piety under Okawaru
  7660 | D:7      | Found an ancient bone altar of Kikubaaqudgha.
  7768 | D:8      | Slain by an orc warrior

Illustrated notes

Levels and vault maps discovered:
D:1:      saegor_arrival_simple_c, layout_rooms,
          hellmonk_ecumenical_altar_slurped_away
D:2:      layout_loops_cross
D:3:      layout_rooms
D:4:      cheibrodos_pilgrimage, layout_loops_cross,
          cheibrodos_sewer_entry_drain, minmay_misc_feat_room, uniq_duvessa
D:5:      layout_layer_cave, mainiacjoe_overflow_cross_hatched,
          minmay_temple_entry_offerings, uniq_pikel
D:6:      layout_loops_corners, uniq_blork_the_orc
D:7:      layout_basic, cheibrodos_ashenzari_chains, tgw_kikubaaqudgha,
          minivault_19, serial_park_tiny_1, kennysheep_generic_room_2
D:8:      layout_loops_cross, marbit_many_paths,
          mainiacjoe_overflow_small_starburst, nicolae_overflow_hidden_temple,
          special_room [special_room_orc], minmay_crystal_room
Temple:   cyrus_circular_temple

Skill      XL: |  1  2  3  4  5  6  7  8  9 |
---------------+----------------------------+-----
Fighting       | 4 5 6 7 |  7.8
Shields        | 4 5 6 7 |  7.3
Armour         | 4 5 6 7 9 |  9.5
Long Blades    | 3 4 |  4.4
Dodging        | 1 2 3 |  3.5
Short Blades   | 1 3 4 6 8 |  8.0
Stealth        | |  0.6
Invocations    | |  0.6

Action                   |  1- 3 |  4- 6 |  7- 9 || total
-------------------------+-------+-------+-------++-------
Melee: Long sword        |    40 |       |    17 ||    57
       Dagger            |    26 |   127 |   348 ||   501
       Headbutt          |     5 |    27 |    80 ||   112
Invok: Heroism           |       |       |     1 ||     1
Evoke: Wand              |       |       |     1 ||     1
  Use: Scroll            |       |     4 |     4 ||     8
       Potion            |       |     1 |       ||     1
 Stab: Paralysed         |       |       |     1 ||     1
Armor: Scale mail        |    35 |     2 |       ||    37
       Plate armour      |       |    50 |   156 ||   206
Dodge: Dodged            |    43 |    27 |    71 ||   141
Block: Buckler           |    15 |    18 |    67 ||   100
